 Dungeon Crawl Stone Soup version 0.24-a0-789-g35933f4585 (webtiles) character file.

Game seed: 10072443068811897795, levelgen mode: deterministic

91 GordonOverkill the Firebug (level 4, 0/33 HPs)
             Began as a Demonspawn Fire Elementalist on Oct 10, 2019.
             Was an Initiate of Okawaru.
             Killed by divine providence
             ... invoked by an orc priest
              (11 damage)
             ... on level 2 of the Dungeon.
             The game lasted 00:05:03 (3594 turns).

GordonOverkill the Firebug (DsFE)                   Turns: 3594, Time: 00:05:04

Health: 0/33       AC:  9    Str:  9    XL:     4   Next: 34%
Magic:  7/7        EV:  4    Int: 17    God:    Okawaru [......]
Gold:   74         SH:  0    Dex: 13    Spells: 6/7 levels left

rFire    . . .     SeeInvis +   b - +0 hand axe
rCold    + . .     Gourm    .   (no shield)
rNeg     . . .     Faith    .   d - +1 chain mail
rPois    .         Spirit   .   (no helmet)
rElec    .         Reflect  .   (no cloak)
rCorr    .         Harm     .   (no gloves)
MR       .....                  (no boots)
Stlth    ..........             (no amulet)
HPRegen  0.11/turn              g - ring of see invisible
MPRegen  0.10/turn              (no ring)

@: no status effects
A: cold resistance 1, demonic guardian 1
a: Renounce Religion


You were on level 2 of the Dungeon.
You worshipped Okawaru.
Okawaru was noncommittal.
You were not hungry.

You visited 1 branch of the dungeon, and saw 2 of its levels.

You collected 74 gold pieces.

Inventory:

Hand Weapons
 b - a +0 hand axe (weapon)
Missiles
 i - 99 stones (quivered)
Armour
 d - a +1 chain mail (worn)
Jewellery
 g - a ring of see invisible (left hand)
Scrolls
 k - a scroll of remove curse
Potions
 a - a potion of degeneration
Comestibles
 c - 3 rations


   Skills:
 + Level 1.6 Fighting
 * Level 2.3 Axes
 + Level 1.5 Armour
 - Level 2.0 Dodging
 - Level 1.7 Stealth
 - Level 2.0 Spellcasting
 - Level 1.0 Conjurations
 - Level 2.6 Fire Magic


You had 6 spell levels left.
You knew the following spells:

 Your Spells              Type           Power        Failure   Level  Hunger
a - Flame Tongue          Conj/Fire      #....        100%        1    #......

Your spell library contained the following spells:

 Spells                   Type           Power        Failure   Level  Hunger
 Throw Flame              Conj/Fire      #.....       100%        2    ###....
 Conjure Flame            Conj/Fire      #.......     100%        3    ###....
 Inner Flame              Hex/Fire       #.......     100%        3    ###....
 Sticky Flame             Conj/Fire      #.......     100%        4    #####..
 Fireball                 Conj/Fire      #.........   100%        5    ######.


Dungeon Overview and Level Annotations

Branches:
Dungeon (2/15)

Altars:
Kikubaaqudgha
Okawaru

Annotations:
D:2 exclusion: door


Innate Abilities, Weirdness & Mutations

Your flesh is cold resistant. (rC+)
A weak demonic guardian rushes to your aid.


Message History

The orc priest hits you but does no damage.
The orc priest closely misses your white imp.
Your white imp hits the orc priest.
Your white imp freezes the orc priest.
Okay, then.
It was a potion of curing.
You feel better. The orc hits you.
The orc priest calls down the wrath of Beogh upon you.
Beogh smites you!
* * * LOW HITPOINT WARNING * * *
Your white imp closely misses the orc priest.
You feel better. The orc barely misses you.
The orc priest mumbles some strange prayers to Beogh against you.
You barely resist.
Your white imp hits the orc priest.
Your white imp freezes the orc priest.
You catch the helpless orc priest completely off-guard!
You hit the orc priest but do no damage.
The orc priest is almost dead.
You hit the orc. The orc barely misses you.
The orc priest mumbles some strange prayers to Beogh against you.
Beogh smites you!
You die...

#.#### #.........
#....# #####.###.
####.###########.#<..
#.................
#..#############.#
#..# ...# #..# #._..#
#..# ##....# #@)#
####### #oo# # #.5#
####### #..# .......
#..# ##..... ....
#.#.## #..# #.#.##
#..# #.#... #.#.##


You could see an orc priest, an orc and a friendly white imp.

Vanquished Creatures
  An orc wizard (D:2)
  An adder (D:2)
  An ooze (D:2)
  A worm (D:2)
  4 dart slugs
  2 leopard geckos
  2 bats
  2 giant cockroaches
  7 goblins
  5 hobgoblins
  A jackal (D:2)
  A quokka (D:2)
  A ball python (D:2)
  4 frilled lizards (D:1)
  5 kobolds (D:2)
  2 rats (D:1)
40 creatures vanquished.

Vanquished Creatures (collateral kills)
  An orc (D:2)
1 creature vanquished.

Grand Total: 41 creatures vanquished

Notes
Turn   | Place    | Note
-------+----------+-------------------------------------------
     0 | D:1      | GordonOverkill the Demonspawn Fire Elementalist began the
                  | quest for the Orb.
     0 | D:1      | Reached XP level 1. HP: 13/13 MP: 3/3
    22 | D:1      | Found an iron altar of Okawaru.
    29 | D:1      | Became a worshipper of Warmaster Okawaru
   299 | D:1      | Gained mutation: Your flesh is cold resistant. (rC+)
                  | [demonic ancestry]
   299 | D:1      | Reached XP level 2. HP: 18/20 MP: 5/5
   760 | D:1      | Reached skill level 1 in Axes
  1555 | D:2      | Reached skill level 1 in Fighting
  1773 | D:1      | Gained mutation: A weak demonic guardian rushes to your
                  | aid. [demonic ancestry]
  1773 | D:1      | Reached XP level 3. HP: 6/26 MP: 6/6
  2132 | D:2      | Reached skill level 1 in Armour
  2409 | D:2      | Found an ancient bone altar of Kikubaaqudgha.
  3464 | D:2      | Reached XP level 4. HP: 28/32 MP: 7/7
  3594 | D:2      | Killed from afar by an orc priest

Levels and vault maps discovered:
D:1:      dpeg_arrival_chase, layout_basic, serial_forest,
          infiniplex_forest_clump_C, infiniplex_forest_lined_2,
          infiniplex_forest_clump_diagonal, infiniplex_forest_lined_1,
          infiniplex_forest_clump_tiny, infiniplex_forest_clump_tiny,
          okawaru_ov_weapons_minmay
D:2:      minmay_chambers_of_ones, layout_basic, first_ration, tgw_kikubaaqudgha

Skill      XL: |  1  2  3 |
---------------+----------+-----
Dodging        | 2 |  2.0
Axes           | 1 2 |  2.3
Fighting       | 1 |  1.6
Armour         | 1 |  1.5
Stealth        | |  1.7
Spellcasting   | |  2.0
Conjurations   | |  1.0
Fire Magic     | |  2.6

Action                   |  1- 3 |  4- 6 || total
-------------------------+-------+-------++-------
Melee: Hand axe          |   212 |    14 ||   226
Throw: Stone             |    46 |       ||    46
  Use: Scroll            |     4 |       ||     4
       Potion            |       |     2 ||     2
 Stab: Distracted        |       |     1 ||     1
  Eat: Chunk             |     8 |     1 ||     9
Armor: Chain mail        |   201 |    14 ||   215
Dodge: Dodged            |    38 |     7 ||    45

Table legend:
 A = Non-vault XP
 B = Vault XP
 C = Vault XP percentage of total XP
 D = Non-vault monster count
 E = Vault monster count
 F = Vault count percentage of total count
                 A         B        C        D         E       F
            +---------+---------+-------+---------+---------+-------
      Total |     125 |       6 |   4.6 |      38 |       3 |   7.3
            +---------+---------+-------+---------+---------+-------
        D:1 |      33 |       0 |   0.0 |      17 |       0 |   0.0
        D:2 |      92 |       6 |   6.1 |      21 |       3 |  12.5
            +---------+---------+-------+---------+---------+-------
